 Dungeon Crawl Stone Soup version 0.25-a0-292-gaa31f046c4 (webtiles) character file.

Game seed: 8004838167470961943, levelgen mode: deterministic

59 floatRand the Insei (level 3, -2/29 HPs)
             Began as a Demonspawn Monk on Dec 15, 2019.
             Killed from afar by Robin (8 damage)
             ... with a puff of flame
             ... on level 2 of the Dungeon.
             The game lasted 00:01:18 (1745 turns).

floatRand the Insei (Demonspawn Monk)               Turns: 1745, Time: 00:01:19

Health: -2/29      AC:  2    Str: 12    XL:     3   Next: 78%
Magic:  3/3        EV: 13    Int: 11    God:
Gold:   89         SH:  4    Dex: 15    Spells: 2/2 levels left

rFire    . . .     SeeInvis .     - Unarmed
rCold    . . .     Gourm    .   (no shield)
rNeg     . . .     Faith    .   a - +0 robe
rPois    .         Spirit   .   (no helmet)
rElec    .         Reflect  .   (no cloak)
rCorr    .         Harm     .   (no gloves)
MR       .....     Rnd*Tele +   (no boots)
Stlth    ++........             (no amulet)
HPRegen  0.09/turn              d - ring of teleportation (curse)
MPRegen  0.08/turn              (no ring)

@: hasted, very quick
A: large bone plates 1, spiny 1
a: no special abilities


You were on level 2 of the Dungeon.
You were not hungry.

You visited 1 branch of the dungeon, and saw 2 of its levels.

You collected 89 gold pieces.

Inventory:

Armour
 a - a +0 robe (worn)
Jewellery
 d - a cursed ring of teleportation (left hand)
Scrolls
 e - 2 scrolls of remove curse {unknown}
 f - a scroll of noise {unknown}
 i - a scroll of identify {unknown}
 j - a scroll of enchant weapon {unknown}
Potions
 c - 2 potions of curing
 h - 4 potions of haste
Comestibles
 b - 3 rations
 g - a chunk of flesh


   Skills:
 - Level 3.0 Fighting
 - Level 2.6 Dodging
 - Level 1.7 Stealth
 + Level 4.3 Unarmed Combat


You had 2 spell levels left.
You didn't know any spells.
Your spell library was empty.

Dungeon Overview and Level Annotations

Branches:
Dungeon (2/15)

Altars:

Annotations:
D:2 Robin


Innate Abilities, Weirdness & Mutations

You are partially covered in large bone plates. (SH +4)
You are partially covered in sharp spines.


Message History

a +0 club; a goblin corpse Robin zaps a wand.
The puff of flame misses you.
The puff of flame hits the goblin!
The goblin dies!
You see here a +0 club.
Unknown command.
You hit Robin but do no damage. Robin hits you with a +0 club.
You are too injured to fight recklessly!
Unknown command.
You closely miss Robin. Robin hits you with a +0 club.
* * * LOW HITPOINT WARNING * * *
You are too injured to fight recklessly!
Unknown command.
You are too injured to fight recklessly!
You closely miss Robin.
Unknown command.
You hit Robin.
Robin is moderately wounded.
Robin zaps a wand.
The puff of flame hits you!
You die...

###
....g#########
....gggg@))).#
.....#######.#
... #.# . #.#
#.# #.# #.#
#####.#
#.....#####


You could see Robin, a hobgoblin and 3 goblins.

Vanquished Creatures
  2 adders (D:2)
  A worm (D:2)
  A dart slug (D:2)
  A leopard gecko (D:1)
  4 bats
  2 giant cockroaches
  4 hobgoblins (D:2)
  A frilled lizard (D:1)
  7 goblins
  8 kobolds
  4 rats
35 creatures vanquished.

Vanquished Creatures (others)
  A goblin (D:2)
1 creature vanquished.

Grand Total: 36 creatures vanquished

Notes
Turn   | Place    | Note
-------+----------+-------------------------------------------
     0 | D:1      | floatRand the Demonspawn Monk began the quest for the Orb.
     0 | D:1      | Reached XP level 1. HP: 18/18 MP: 1/1
   280 | D:1      | Reached skill level 3 in Unarmed Combat
   491 | D:1      | Gained mutation: You are partially covered in large bone
                  | plates. (SH +4) [demonic ancestry]
   491 | D:1      | Reached XP level 2. HP: 24/24 MP: 2/2
   948 | D:2      | Gained mutation: You are partially covered in sharp spines.
                  | [demonic ancestry]
   948 | D:2      | Reached XP level 3. HP: 5/29 MP: 3/3
  1354 | D:2      | Reached skill level 4 in Unarmed Combat
  1709 | D:2      | Noticed Robin
  1745 | D:2      | Killed from afar by Robin

Levels and vault maps discovered:
D:1:      evilmike_arrival_rings, layout_basic
D:2:      layout_loops_corners, gammafunk_temple_overflow_wave, first_ration,
          uniq_robin

Skill      XL: |  1  2  3 |
---------------+----------+-----
Unarmed Combat | 3 4 |  4.3
Fighting       | |  3.0
Dodging        | |  2.6
Stealth        | |  1.7

Action                   || total
-------------------------++-------
Melee: Unarmed           ||   136
       Punch             ||     1
  Use: Potion            ||     2
 Stab: Sleeping          ||     1
  Eat: Chunk             ||     3
Armor: Robe              ||    13
Dodge: Dodged            ||    83
Block: Other             ||    14

Table legend:
 A = Non-vault XP
 B = Vault XP
 C = Vault XP percentage of total XP
 D = Non-vault monster count
 E = Vault monster count
 F = Vault count percentage of total count
                 A         B        C        D         E       F
            +---------+---------+-------+---------+---------+-------
      Total |      77 |       8 |   9.4 |      31 |       4 |  11.4
            +---------+---------+-------+---------+---------+-------
        D:1 |      26 |       0 |   0.0 |      17 |       0 |   0.0
        D:2 |      51 |       8 |  13.6 |      14 |       4 |  22.2
            +---------+---------+-------+---------+---------+-------
